 Dungeon Sprint DCSS version bcrawl-1.27.7 (webtiles) character file.

Game seed: 7173972801496689429

1213770 Baz the Eclecticist (level 10, -4/91 HPs)
             Began as a Djinni Air Elementalist on Oct 22, 2020.
             Was a High Priest of Sif Muna.
             Slain by a demonic crawler (13 damage)
             ... in the Dungeon (Sprint IV: "Fedhas' Mad Dash").
             The game lasted 00:14:24 (1807 turns).

Baz the Eclecticist (Djinni Air Elementalist)       Turns: 1807, Time: 00:14:25

Health: -4/91      AC:  3    Str: 11    XL:     10   Next: 87%
Magic:  10/29      EV: 11    Int: 21    God:    Sif Muna [*****.]
Gold:   220        SH:  4    Dex: 11    Spells: 10/39 levels left

rFire    + . .     SeeInvis .   o - +4 quick blade
rCold    . . .     Gourm    .   n - +0 buckler {reflect}
rNeg     . . .     Faith    .   a - +0 robe
rPois    .         Spirit   .   (no helmet)
rElec    .         Reflect  +   (no cloak)
rCorr    .         Harm     .   p - +0 pair of gloves
MR       +....     Rnd*Rage +   (boots unavailable) Stlth ++........NoTele +
                                k - amulet of invisibility {+Inv}
HPRegen  0.25/turn              m - ring of protection from fire
MPRegen  0.21/turn              (no ring)

@: flying
A: never pass out, berserk 2, blink, blurry vision 2, wild magic 3, MP-powered
wands, floating
a: Blink, Divine Energy, Channel Magic, Forget Spell, Renounce Religion, Evoke
Invisibility


You were in the Dungeon.
You worshipped Sif Muna.
Sif Muna was extremely pleased with you.
You were very hungry.

You visited 1 branch You collected 255 gold pieces.
You spent 35 gold pieces at shops.

Inventory:

Hand Weapons
 o - a +4 quick blade (weapon)
Armour
 a - a +0 robe (worn)
 n - a +0 buckler of reflection (worn)
 p - a +0 pair of gloves (worn)
Jewellery
 k - the amulet of invisibility (around neck) {+Inv}
   (You found it in the Dungeon)

   [amulet of nothing]

   It lets you turn invisible.
 m - a ring of protection from fire (left hand)
Scrolls
 b - a scroll of identify
 e - a scroll of enchant weapon {unknown}
 j - 3 scrolls of blinking
 l - a scroll of remove curse {unknown}
Potions
 c - a potion of flight
 g - a potion of haste
 h - a potion of magic
 i - a potion of berserk rage
Miscellaneous
 d - a fan of gales (2/2)
 f - a lamp of fire


   Skills:
 - Level 9.0 Fighting
 - Level 2.0 Dodging
 - Level 1.5 Stealth
 + Level 2.1 Shields
 - Level 15.0 Spellcasting
 + Level 8.7 Conjurations
 - Level 5.8 Summonings
 * Level 12.8 Ice Magic
 - Level 13.1 Air Magic
 - Level 8.9 Invocations
 + Level 8.3 Evocations


You had 10 spell levels left.
You knew the following spells:

 Your Spells              Type           Power        Failure   Level  Hunger
a - Shock                 Conj/Air       #####        2%          1    None
b - Airstrike             Air            #######...   4%          4    None
c - Static Discharge      Air            #######.     2%          3    None
d - Summon Ice Beast      Ice/Summ       #######.     10%         4    None
e - Lightning Bolt        Conj/Air       #######...   12%         5    None
f - Freezing Cloud        Ice/Air        #######...   21%         6    ###....
g - Ozocubu's Refrigerat  Ice            #######...   22%         6    ###....

Your spell library contained the following spells:

 Spells                   Type           Power        Failure   Level  Hunger
 Freeze                   Ice            ######       1%          1    None
 Throw Frost              Conj/Ice       ######       1%          2    None
 Magic Dart               Conj           ####         3%          1    None
 Searing Ray              Conj           #######.     4%          2    None
 Iskenderun's Mystic Bla  Conj           #######.     5%          3    None
 Summon Small Mammal      Summ           ####         6%          1    None
 Ensorcelled Hibernation  Hex/Ice        ######       6%          2    None
 Swiftness                Chrm/Air       ######..     6%          2    None
 Call Imp                 Summ           ######       7%          2    None
 Mephitic Cloud           Conj/Pois/Air  ######..     8%          3    None
 Call Canine Familiar     Summ           ######..     11%         3    None
 Conjure Flame            Conj/Fire      ######..     16%         3    None
 Dazzling Orbs            Conj/Hex       ######.      16%         3    None
 Summon Lightning Spire   Summ/Air       #######.     17%         5    None
 Recall                   Summ/Tloc      N/A          24%         3    None
 Pain                     Necr           ####..       26%         1    None
 Sandblast                Erth           ####..       26%         1    None
 Blink                    Tloc           N/A          34%         2    None
 Silence                  Hex/Air        ######....   38%         5    None
 Bolt of Cold             Conj/Ice       #######...   38%         6    ###....
 Metabolic Englaciation   Hex/Ice        ######....   41%         5    None
 Aura of Abjuration       Summ           ######....   47%         5    None
 Summon Demon             Summ           ######....   47%         5    None
 Confuse                  Hex            ####....     52%         3    None
 Spider Form              Tmut/Pois      ###          52%         3    None
 Summon Forest            Summ/Tloc      ######....   80%         5    None
 Summon Mana Viper        Hex/Summ       ######..     80%         5    None
 Animate Dead             Necr           N/A          85%         4    None
 Petrify                  Tmut/Erth      ####......   85%         4    None
 Yara's Violent Unravell  Hex/Tmut       ####......   85%         4    None
 Simulacrum               Ice/Necr       ######....   87%         6    ###....
 Shadow Creatures         Summ           N/A          91%         6    ###....
 Iron Shot                Conj/Erth      ######....   98%         6    ###....
 Dispel Undead            Necr           ####....     99%         5    None
 Lee's Rapid Deconstruct  Erth           ####......   99%         5    None
 Spellforged Servitor     Conj/Summ      ######....   99%         7    #####..
 Borgnjor's Vile Clutch   Necr/Erth      ####......   100%        6    ###....
 Death Channel            Chrm/Necr      ####......   100%        6    ###....
 Infestation              Hex/Tmut/Pois  ####.....    100%        6    ###....
 Malign Gateway           Summ/Tloc      ######....   100%        7    #####..
 Mana Rupture             Conj/Hex       ######....   100%        7    #####..
 Glaciate                 Conj/Ice/Air   #######...   100%        8    ######.
 Lehudib's Crystal Spear  Conj/Erth      ######....   100%        8    ######.
 Shatter                  Erth           ####......   100%        9    #######


Dungeon Overview and Level Annotations

Branches:
Dungeon (1/1)

Altars:
Cheibriados
Dithmenos
Elyvilon
Gozag
Hepliaklqana
Kikubaaqudgha
Lugonu
Makhleb
Nemelex Xobeh
Okawaru
Qazlal
Ru
Sif Muna
Trog
Uskayaw
Vehumet
Wu Jian
Xom
Yredelemnul
Zin
The Shining One
Beogh
Jiyva

Shops:
D %[**


Innate Abilities, Weirdness & Mutations

You never pass out after going berserk.
You often lose your temper in combat.
You can translocate small distances at will.
Scrolls take you longer to read.
Your spells are much harder to cast, but much more powerful.
You expend magic power (3 MP) to strengthen your wands.
Your body floats in the air.


Message History

No path to travel!
No path to travel!
The demonic crawler hits you! x2; The demonic crawler barely misses you.
Your ice beast hits the demonic crawler but does no damage.
Your ice beast hits the demonic crawler.
Your ice beast freezes the demonic crawler!
The demonic crawler resists.
No path to travel!
No path to travel!
The demonic crawler is engulfed in freezing vapours.
The demonic crawler hits you! You block the demonic crawler's attack.
The demonic crawler closely misses you.
Your ice beast hits the demonic crawler but does no damage. x2
The demonic crawler is engulfed in freezing vapours.
The demonic crawler hits you!
* * * LOW HITPOINT WARNING * * *
The demonic crawler hits you!
* * * LOW HITPOINT WARNING * * *
The demonic crawler hits you!
You die...

########################***
_._._.⌠.#.[))..#....##∩#*,*
._._._..'..#...#....'.)#*+*
_._._...#..###'##.)(##∩#,,****
._._._..#..##∩∩.'...####*,,,,*
_._._.⌠.#############****,,,∩*
#############....Y§###,,,,,*,*
..♣)###.'..'....@s§§.+,,,*,,∩*
♣..♣##..#.[#.....Y§###********
.♣..###.##+##....§.#
...♣'...#♣.♣########
#########..),,**** *
***,,♣..*,,,,***
*****,,,*....,,*,,,****
,,,,,,,,,♣...,,∩,∩,,,,*
,,*******#####*********


You could see a demonic crawler and 2 friendly ice beasts.

Vanquished Creatures
  A spriggan defender (D)
  A spriggan berserker (D)
  A spriggan druid (D)
  5 oklob plants (D)
  3 burning bushes (D)
  3 wandering mushrooms (D)
  A queen bee (D)
  2 scorpions (D)
  3 killer bees (D)
  5 oklob saplings (D)
  A worker ant (D)
  2 spriggans (D)
  A river rat (D)
  A rat (D)
  2 fungi (D)
32 creatures vanquished.

Vanquished Creatures (collateral kills)
  Agnes (D)
  An oklob plant (D)
  A killer bee (D)
  A ballistomycete (D)
4 creatures vanquished.

Vanquished Creatures (others)
  A ballistomycete spore (D)
1 creature vanquished.

Grand Total: 37 creatures vanquished

Notes
Turn   | Place    | Note
-------+----------+-------------------------------------------
     0 | D        | Baz the Djinni Air Elementalist began the quest for the
                  | Orb.
     0 | D        | Reached XP level 1. HP: 14/14 MP: 4/4
     7 | D        | Reached XP level 2. HP: 20/20 MP: 0/6
    47 | D        | Killed an oklob sapling
    47 | D        | Reached skill level 4 in Spellcasting
    47 | D        | Reached XP level 3. HP: 26/26 MP: 5/9
    50 | D        | Reached skill level 5 in Spellcasting
    50 | D        | Reached skill level 5 in Conjurations
    84 | D        | Found the amulet of invisibility {+Inv}
   100 | D        | Noticed an oklob sapling
   101 | D        | Killed an oklob sapling
   101 | D        | Gained mutation: Your spells are harder to cast, but more
                  | powerful. [Djinni growth]
   101 | D        | Gained mutation: You can translocate small distances at
                  | will. [Djinni growth]
   101 | D        | Reached XP level 4. HP: 33/33 MP: 6/11
   120 | D        | Learned a level 4 spell: Airstrike
   125 | D        | Learned a level 3 spell: Static Discharge
   133 | D        | Found an opulent altar of Gozag.
   133 | D        | Found a hazy altar of Hepliaklqana.
   133 | D        | Found a burning altar of Makhleb.
   133 | D        | Found a roughly hewn altar of Beogh.
   133 | D        | Found a sparkling altar of Nemelex Xobeh.
   133 | D        | Found a snail-covered altar of Cheibriados.
   133 | D        | Found a sacrificial altar of Ru.
   133 | D        | Found a shimmering blue altar of Sif Muna.
   133 | D        | Found a shimmering altar of Xom.
   133 | D        | Found a basalt altar of Yredelemnul.
   134 | D        | Found a viscous altar of Jiyva.
   134 | D        | Found a bloodstained altar of Trog.
   134 | D        | Found an ornate altar of the Wu Jian Council.
   138 | D        | Reached skill level 6 in Spellcasting
   156 | D        | Found an iron altar of Okawaru.
   156 | D        | Found a shadowy altar of Dithmenos.
   156 | D        | Found a glowing silver altar of Zin.
   157 | D        | Found an ancient bone altar of Kikubaaqudgha.
   157 | D        | Found a hide-covered altar of Uskayaw.
   158 | D        | Found a stormy altar of Qazlal.
   158 | D        | Found a white marble altar of Elyvilon.
   158 | D        | Found a glowing golden altar of the Shining One.
   159 | D        | Found a corrupted altar of Lugonu.
   159 | D        | Found a radiant altar of Vehumet.
   173 | D        | Became a worshipper of Sif Muna the Loreminder
   183 | D        | HP: 1/33 [acid (13)]
   332 | D        | Reached skill level 1 in Fighting
   332 | D        | Reached skill level 1 in Invocations
   332 | D        | Reached XP level 5. HP: 40/40 MP: 10/14
   346 | D        | Reached * piety under Sif Muna
   346 | D        | Received a gift from Sif Muna
   346 | D        | Reached skill level 7 in Spellcasting
   355 | D        | Learned a level 4 spell: Summon Ice Beast
   362 | D        | Found Etead's Antique Armour Shop.
   362 | D        | Found Avido's Food Emporium.
   371 | D        | Noticed a burning bush
   371 | D        | Noticed a wandering mushroom
   403 | D        | Reached skill level 1 in Summonings
   403 | D        | Reached XP level 6. HP: 30/51 MP: 2/16
   471 | D        | Killed a wandering mushroom
   471 | D        | Reached ** piety under Sif Muna
   471 | D        | Identified Sif Muna's Volume of the Harmful Entourage (Sif
                  | Muna gifted it to you in the Dungeon)
   471 | D        | Received a gift from Sif Muna
   471 | D        | Reached skill level 8 in Spellcasting
   471 | D        | Reached XP level 7. HP: 60/60 MP: 12/19
   479 | D        | Learned a level 5 spell: Lightning Bolt
   496 | D        | Noticed a wandering mushroom
   510 | D        | Killed a wandering mushroom
   510 | D        | Reached skill level 5 in Fighting
   510 | D        | Reached skill level 9 in Spellcasting
   510 | D        | Reached skill level 5 in Invocations
   553 | D        | Killed a burning bush
   553 | D        | Reached skill level 5 in Summonings
   611 | D        | Found Laes's Assorted Antiques.
   611 | D        | Found Arphokh's General Store.
   617 | D        | Bought a scroll of magic mapping for 35 gold pieces
   696 | D        | Noticed a queen bee
   700 | D        | Reached skill level 10 in Spellcasting
   700 | D        | Gained mutation: Your spells are much harder to cast, but
                  | much more powerful. [Djinni growth]
   700 | D        | Reached XP level 8. HP: 64/70 MP: 14/22
   704 | D        | Killed a queen bee
   704 | D        | Reached *** piety under Sif Muna
   704 | D        | Received a gift from Sif Muna
   709 | D        | HP: 3/71 [poisoned by a killer bee]
   711 | D        | HP: 1/71 [killer bee (2)]
   856 | D        | Learned a level 6 spell: Freezing Cloud
   983 | D        | Noticed an oklob plant
   991 | D        | Killed an oklob plant
   991 | D        | Reached skill level 11 in Spellcasting
  1053 | D        | Noticed a burning bush
  1059 | D        | Killed a burning bush
  1090 | D        | Noticed a burning bush
  1090 | D        | Noticed an oklob plant
  1130 | D        | Killed a burning bush
  1130 | D        | Reached skill level 5 in Ice Magic
  1130 | D        | Reached XP level 9. HP: 72/81 MP: 5/24
  1213 | D        | Noticed a wandering mushroom
  1217 | D        | Killed a wandering mushroom
  1217 | D        | Reached **** piety under Sif Muna
  1217 | D        | Received a gift from Sif Muna
  1220 | D        | Killed an oklob plant
  1220 | D        | Reached skill level 12 in Spellcasting
  1300 | D        | Noticed a spriggan druid
  1304 | D        | Killed a spriggan druid
  1371 | D        | Noticed an oklob plant conjurer
  1372 | D        | Killed an oklob plant conjurer
  1372 | D        | Identified Sif Muna's Collected Works on the Frostbite and
                  | the Mountains (Sif Muna gifted it to you in the Dungeon)
  1372 | D        | Received a gift from Sif Muna
  1372 | D        | Reached ***** piety under Sif Muna
  1372 | D        | Reached skill level 13 in Spellcasting
  1404 | D        | Noticed a spriggan berserker
  1404 | D        | Noticed Agnes
  1405 | D        | Killed Agnes
  1405 | D        | Identified Sif Muna's Collected Works on Hexes and Stolen
                  | Souls (Sif Muna gifted it to you in the Dungeon)
  1405 | D        | Received a gift from Sif Muna
  1405 | D        | Reached skill level 14 in Spellcasting
  1405 | D        | Reached skill level 10 in Ice Magic
  1405 | D        | Reached skill level 5 in Evocations
  1405 | D        | Reached XP level 10. HP: 91/91 MP: 10/28
  1410 | D        | Noticed a death yak
  1411 | D        | Noticed a spriggan defender
  1415 | D        | Killed a spriggan berserker
  1419 | D        | Killed a spriggan defender
  1489 | D        | Learned a level 6 spell: Ozocubu's Refrigeration
  1493 | D        | Noticed an oklob plant
  1493 | D        | Noticed an oklob plant summoner
  1685 | D        | Killed an oklob plant summoner
  1685 | D        | Identified Sif Muna's Reference Book on Congealing Earth
                  | (Sif Muna gifted it to you in the Dungeon)
  1685 | D        | Received a gift from Sif Muna
  1687 | D        | Killed an oklob plant
  1687 | D        | Reached skill level 1 in Shields
  1687 | D        | Reached skill level 15 in Spellcasting
  1689 | D        | Noticed an oklob plant shifter
  1694 | D        | Killed an oklob plant shifter
  1807 | D        | Slain by a demonic crawler

Skill      XL: |  1  2  3  4  5  6  7  8  9 10 |
---------------+-------------------------------+-----
Conjurations   | 3 4 5 7 8 |  8.7
Air Magic      | 4 6 7 8 9 11 12 13 | 13.1
Spellcasting   | 4 5 6 7 8 10 11 14 15 | 15.0
Fighting       | 1 3 4 6 7 9 |  9.0
Invocations    | 1 3 4 6 8 |  8.9
Summonings     | 1 3 5 |  5.8
Ice Magic      | 5 10 12 | 12.8
Evocations     | 5 8 |  8.3
Shields        | 2 |  2.1
Dodging        | |  2.0
Stealth        | |  1.5

Action                   |  1- 3 |  4- 6 |  7- 9 | 10-12 || total
-------------------------+-------+-------+-------+-------++-------
Melee: Quick blade       |       |       |       |     8 ||     8
 Cast: Shock             |     9 |    14 |    35 |       ||    58
       Airstrike         |       |     3 |    11 |     8 ||    22
       Summon Ice Beast  |       |       |     5 |     7 ||    12
       Lightning Bolt    |       |       |     4 |     1 ||     5
       Freezing Cloud    |       |       |     1 |     4 ||     5
       Static Discharge  |       |       |     1 |       ||     1
 Abil: Evoke Invisibilit |     1 |     1 |     3 |     2 ||     7
  Use: Scroll            |       |       |     1 |       ||     1
       Potion            |       |       |     2 |     1 ||     3
  Eat: Ration            |       |       |     2 |       ||     2
Armor: Robe              |       |       |     2 |     5 ||     7
Dodge: Dodged            |     3 |     1 |    19 |    13 ||    36
Block: Buckler           |       |       |       |     4 ||     4
